 Dungeon Crawl Stone Soup version 0.30-a0-630-g881e3bac89 (webtiles) character file.

Game seed: 11706862135028692750

7841 M4edhros the Covert (level 11, -2/69 HPs)
             Began as an Octopode Artificer on Jan 13, 2023.
             Was a Follower of Cheibriados.
             Slain by an acid dragon (9 damage)
             ... on level 10 of the Dungeon.
             The game lasted 00:21:04 (6354 turns).

M4edhros the Covert (Octopode Artificer)            Turns: 6354, Time: 00:21:04

Health: -2/69      AC:  3    Str: 14    XL:     11   Next: 21%
Magic:  16/16      EV: 17    Int: 16    God:    Cheibriados [*.....]
Gold:   520        SH:  0    Dex: 18    Spells: 2/10 levels left

rFire   . . .      SeeInvis .    r - +2 falchion (elec)
rCold   . . .      Faith    .    (no shield)
rNeg    . . .      Spirit   .    l - +2 hat
rPois   .          Reflect  .    C - amulet of regeneration
rElec   .          Harm     .    a - ring of wizardry
rCorr   .          Rampage  .    e - ring of willpower
Will    +....                    o - +4 ring of protection
Stlth   +++++                    (no ring)
HPRegen 1.11/turn                (no ring)
MPRegen 0.15/turn                (no ring)
                                 (no ring)
                                 (no ring)

@: corroded, very slow
A: almost no armour, amphibious, 8 rings, camouflage 1, gelatinous body 1,
(nimble swimmer 1), tentacles
a: Renounce Religion, Bend Time


You were on level 10 of the Dungeon.
You worshipped Cheibriados.
Cheibriados was aware of your devotion.
You visited 2 branches of the dungeon, and saw 11 of its levels.
You also visited: Sewer and Bailey.

You collected 574 gold pieces.
You donated 54 gold pieces to Zin.

Inventory:

Hand Weapons
 r - a +2 falchion of electrocution (weapon)
Missiles
 n - a throwing net
 v - 14 poisoned darts
 H - a curare-tipped dart
Armour
 l - a +2 hat (worn)
Jewellery
 a - a ring of wizardry (left tentacle)
 e - a ring of willpower (right tentacle)
 k - an amulet of faith
 o - a +4 ring of protection (on tentacle)
 C - an amulet of regeneration (around mantle)
 I - an amulet of reflection
Wands
 b - a wand of flame (11) (quivered)
 g - a wand of mindburst (3)
 y - a wand of roots (8)
Scrolls
 f - 7 scrolls of teleportation
 h - a scroll of magic mapping {unknown}
 m - 2 scrolls of brand weapon
 q - 2 scrolls of enchant armour
 s - 2 scrolls of fear {unknown}
 t - 2 scrolls of immolation
 F - a scroll of silence {unknown}
 G - a scroll of summoning {unknown}
Potions
 d - 2 potions of mutation
 i - 3 potions of flight
 j - a potion of attraction {unknown}
 p - 3 potions of haste
 u - 2 potions of heal wounds {unknown}
 w - 2 potions of berserk rage {unknown}
 x - 2 potions of cancellation {unknown}
 z - a potion of degeneration {unknown}
 A - a potion of magic {unknown}
 B - 2 potions of curing
 D - a potion of ambrosia {unknown}
 E - 2 potions of invisibility


   Skills:
 - Level 4.0 Fighting
 * Level 7.5 Long Blades
 + Level 6.7 Dodging
 + Level 9.1 Stealth
 - Level 4.4 Unarmed Combat
 + Level 4.3 Conjurations
 + Level 4.2 Ice Magic
 + Level 4.3 Air Magic
 - Level 6.8 Invocations
 - Level 5.2 Evocations


You had 2 spell levels left.
You knew the following spells:

 Your Spells              Type           Power      Damage    Failure   Level
a - Freezing Cloud        Conj/Ice/Air   6%         6-21      43%         5
b - Kindle Blastsparks    Fire/Tloc/Air  8%         2d10      16%         3

Your spell library contained the following spells:

 Spells                   Type           Power      Damage    Failure   Level
 Ensorcelled Hibernation  Hex/Ice        12%        N/A       6%          2
 Passwall                 Tmut/Erth      0%         N/A       16%         2
 Swiftness                Air            13%        N/A       5%          3
 Ignite Poison            Fire/Tmut/Pois 0%         N/A       28%         3


Dungeon Overview and Level Annotations

Branches:
Dungeon (10/15)            Temple (1/1) D:7           Sewer (visited)
 Bailey (visited)
   Lair: D:8-11         Orc: D:9-12

Altars:
Cheibriados
Dithmenos
Elyvilon
Fedhas
Gozag
Hepliaklqana
Kikubaaqudgha
Makhleb
Nemelex Xobeh
Okawaru
Qazlal
Sif Muna
Trog
Uskayaw
Vehumet
Wu Jian
Xom
Yredelemnul
Zin
The Shining One
Ignis

Shops:
D:9 :


Innate Abilities, Weirdness & Mutations

You cannot wear most types of armour.
You are amphibious.
You can wear up to eight rings at the same time.
Your skin changes colour to match your surroundings (Stealth+).
Your rubbery body absorbs attacks. (AC +1, EV +1)
((You are camouflaged when in or above water. (Stealth+)))
You have tentacles for arms and can constrict up to eight enemies at once.


Message History

Aim: a two-headed ogre, wielding a +0 dire flail and a +0 giant club (severely wounded, chance to affect: 68%)
The two-headed ogre's minds are blasted!
Aiming: Mindburst
Press: ? - help, Shift-Dir - straight line, f/p - two-headed ogre
Aim: a two-headed ogre, wielding a +0 dire flail and a +0 giant club (almost dead, chance to affect: 68%)
The two-headed ogre's minds are blasted!
You blow up the two-headed ogre!
Cheibriados appreciates the change of pace.
No target in view!
Things that are here:
a +0 dire flail; a +0 giant club
Found a stone staircase leading down.
There is a stone staircase leading down here.
Found a stone staircase leading down.
An acid dragon comes into view.
An acid dragon is nearby!
An acid dragon is nearby!
The helpless acid dragon fails to defend itself.
You slice the acid dragon!!
Your tentacle-slap misses the acid dragon.
You squeeze the acid dragon.
The acid dragon is almost dead.
The acid dragon bites you. The acid dragon claws you.
You hit the acid dragon but do no damage.
The acid dragon is almost dead.
The acid dragon spits acid at you. The splash of acid hits you!!
The acid corrodes you!
You hit the acid dragon but do no damage.
The acid dragon is almost dead.
The acid dragon bites you! The acid dragon completely misses you.
You hit the acid dragon but do no damage.
The acid dragon is almost dead.
The acid dragon spits acid at you. The splash of acid hits you!!
* * * LOW HITPOINT WARNING * * *
Aiming: Mindburst
Press: ? - help, Shift-Dir - straight line, f - acid dragon
Aim: an acid dragon (almost dead, catching its breath, chance to affect: 82%)
The acid dragon barely resists.
The acid dragon bites you!
You die...

#.# #.# ... #.#
####### #.# #..
..# #.# #D# #.#
##### #.# #@#
#.###...###.##
#.###.##.###.#...#
#.#........##.....
#.#.#.#.##...>....
#.....#.#####.....
###.####. #......
#.# #...##...# #.#
#### #...# #.#
#...#


You could see an acid dragon (catching breath).

Vanquished Creatures
  2 vault guards (Bailey)
  2 two-headed ogres
  A komodo dragon (D:9)
  Prince Ribbit (D:7)
  3 humans (Bailey)
  A yak (D:9)
  A steam dragon (D:9)
  An acid dragon (D:9)
  2 water moccasins
  2 orc warriors
  2 black bears
  A sky beast (D:7)
  2 ice beasts
  3 centaurs
  A phantom (D:4)
  A kobold brigand (D:9)
  19 bullfrogs
  5 scorpions
  3 necrophages
  3 wights (D:7)
  5 killer bees
  3 howler monkeys (D:9)
  A hound (D:4)
  7 orc priests
  2 jellies
  2 gnoll boudas
  2 iguanas
  Natasha (D:3)
  10 orc wizards
  Robin (D:2)
  10 gnolls
  4 adders
  2 white imps
  2 ufetubi
  2 worms (D:6)
  25 orcs
  10 endoplasms
  2 giant cockroaches
  4 hobgoblins (D:2)
  9 jackals
  3 quokkas
  3 ball pythons
  10 bats
  6 frilled lizards
  12 goblins
  13 kobolds
  4 rats
211 creatures vanquished.

Vanquished Creatures (collateral kills)
  A cane toad (Bailey)
  A black bear (D:5)
  An adder (D:5)
  An ufetubus (D:5)
  A worm (D:5)
  An endoplasm (D:4)
  A hobgoblin (D:4)
  A quokka (D:5)
8 creatures vanquished.

Vanquished Creatures (others)
  2 fungi (D:9)
  4 plants (D:9)
6 creatures vanquished.

Grand Total: 225 creatures vanquished

Notes
Turn   | Place    | Note
-------+----------+-------------------------------------------
     0 | D:1      | M4edhros the Octopode Artificer began the quest for the
                  | Orb.
     0 | D:1      | Reached XP level 1. HP: 13/13 MP: 1/1
   105 | D:3      | Reached XP level 2. HP: 16/18 MP: 2/2
   253 | D:3      | Noticed Natasha
   263 | D:3      | Killed Natasha
   264 | D:3      | Reached skill level 2 in Stealth
   264 | D:3      | Reached skill level 1 in Unarmed Combat
   264 | D:3      | Reached XP level 3. HP: 23/23 MP: 3/3
   278 | D:3      | Identified the +7 whip "Janamipt" {venom, rPois rC+ rCorr}
   469 | D:4      | Noticed a necrophage
   488 | D:4      | Killed a necrophage
   489 | D:4      | Reached XP level 4. HP: 11/29 MP: 4/4
   547 | D:5      | Entered Level 5 of the Dungeon
   547 | D:5      | Noticed a black bear
   557 | D:5      | Reached skill level 3 in Stealth
   574 | D:5      | Reached XP level 5. HP: 14/34 MP: 5/5
   581 | D:5      | Killed a black bear
   787 | D:7      | Reached XP level 6. HP: 25/40 MP: 6/6
   962 | D:7      | Noticed a water moccasin
   963 | D:7      | Reached skill level 4 in Stealth
   992 | D:7      | Killed a water moccasin
   993 | D:7      | Reached XP level 7. HP: 45/45 MP: 7/7
  1047 | D:7      | Found a staircase to the Ecumenical Temple.
  1056 | Temple   | Entered the Ecumenical Temple
  1110 | Temple   | Became a worshipper of Zin the Law-Giver
  1110 | Temple   | Reached * piety under Zin
  1161 | D:6      | Found a glowing drain.
  1186 | Sewer    | Entered a sewer
  1295 | Sewer    | Reached ** piety under Zin
  1414 | D:6      | Reached skill level 5 in Stealth
  1421 | D:5      | Reached skill level 1 in Long Blades
  1421 | D:5      | Reached skill level 5 in Evocations
  1423 | D:5      | Reached XP level 8. HP: 35/52 MP: 8/8
  1839 | D:2      | Reached *** piety under Zin
  1875 | D:2      | Noticed Robin
  1899 | D:2      | Killed Robin
  2490 | D:3      | Found a basalt altar of Yredelemnul.
  2577 | D:4      | Reached skill level 1 in Invocations
  2682 | D:4      | Reached skill level 6 in Stealth
  2683 | D:4      | Was placed under penance by Zin
  2866 | D:5      | Learned a level 5 spell: Freezing Cloud
  3172 | D:6      | Was forgiven by Zin
  3224 | D:7      | Reached skill level 5 in Dodging
  3224 | D:7      | Reached XP level 9. HP: 49/58 MP: 11/11
  3356 | D:7      | Reached skill level 1 in Conjurations
  3356 | D:7      | Reached skill level 1 in Ice Magic
  3356 | D:7      | Reached skill level 1 in Air Magic
  4065 | D:7      | Learned a level 3 spell: Kindle Blastsparks
  4134 | D:8      | Noticed Prince Ribbit
  4148 | D:7      | Killed Prince Ribbit
  4149 | D:7      | Reached skill level 7 in Stealth
  4293 | D:8      | Reached skill level 5 in Long Blades
  4978 | D:8      | Reached skill level 5 in Invocations
  5121 | D:9      | Found Astaem's Book Shop.
  5134 | D:9      | Reached XP level 10. HP: 27/63 MP: 13/13
  5324 | D:9      | Noticed a two-headed ogre
  5333 | D:9      | Killed a two-headed ogre
  5390 | D:9      | Zin protects you from harm!
  5392 | D:9      | Reached skill level 8 in Stealth
  5393 | D:9      | Was placed under penance by Zin
  5786 | D:9      | Found a burning altar of Makhleb.
  5793 | D:9      | Found a white marble altar of Elyvilon.
  5801 | D:9      | Found a hazy altar of Hepliaklqana.
  5808 | D:9      | Found a blossoming altar of Fedhas.
  5816 | D:9      | Found an opulent altar of Gozag.
  5821 | D:9      | Found a glowing golden altar of the Shining One.
  5832 | D:9      | Found a snail-covered altar of Cheibriados.
  5839 | D:9      | Fell from the grace of Zin
  5839 | D:9      | Became a worshipper of Cheibriados the Contemplative
  5890 | D:10     | Entered Level 10 of the Dungeon
  5890 | D:10     | Found a flagged portal.
  5912 | Bailey   | Entered a bailey
  5986 | Bailey   | Reached * piety under Cheibriados
  6017 | Bailey   | Noticed a vault guard
  6027 | Bailey   | HP: 2/63 [vault guard/+0 broad axe (22)]
  6038 | Bailey   | Noticed a vault guard
  6038 | Bailey   | Noticed a cane toad
  6046 | Bailey   | Killed a cane toad
  6052 | Bailey   | Killed a vault guard
  6053 | Bailey   | Reached XP level 11. HP: 40/69 MP: 16/16
  6054 | Bailey   | Killed a vault guard
  6185 | D:10     | Reached skill level 9 in Stealth
  6219 | D:10     | Noticed a two-headed ogre
  6269 | D:10     | Killed a two-headed ogre
  6354 | D:10     | Slain by an acid dragon

Illustrated notes

Levels and vault maps discovered:
D:1:      pf_arrival_petrified_forest, layout_loops_cross
D:2:      layout_basic, kennysheep_generic_room_12, uniq_robin
D:3:      layout_basic, lemuel_round_altar, st_stairs_9, uniq_natasha,
          uniq_jessica
D:4:      layout_loops_ring, kennysheep_little_box
D:5:      layout_rooms, nicolae_ru_the_path_less_chosen, minivault_26,
          uniq_crazy_yiuf_cottage
D:6:      layout_loops_ring, cheibrodos_sewer_entry_sluice
D:7:      layout_loops_corners, minmay_temple_entry_drinking_statues
D:8:      layout_basic, uniq_prince_ribbit1
D:9:      layout_stronghold, grunt_temple_overflow_octagram,
          grunt_lair_entry_orc_guard_hut, serial_shops,
          nicolae_shop_temple_entry_statues_fountains, serial_co_window_serial,
          co_window_paths_b, co_window_corner_a, co_window_paths_a,
          co_window_of_opportunity_a, co_window_paths_a, co_window_cross_2,
          co_window_2corner, co_window_2corner, co_window_unsneaky_path_e,
          co_window_broadway_a, co_window_corner_b
D:10:     layout_loops_corners, enter_bailey_5, uniq_amaemon, uniq_sonja,
          uniq_fannar
Temple:   pdpol_scorched_temple

Skill      XL: |  1  2  3  4  5  6  7  8  9 10 11 |
---------------+----------------------------------+-----
Stealth        | 2 3 4 5 6 7 8 9 |  9.1
Unarmed Combat | 1 2 3 4 |  4.4
Dodging        | 3 4 5 6 |  6.7
Fighting       | 2 3 4 |  4.0
Evocations     | 4 5 |  5.2
Long Blades    | 1 4 5 7 |  7.5
Invocations    | 3 5 6 |  6.8
Conjurations   | 2 4 |  4.3
Ice Magic      | 2 4 |  4.2
Air Magic      | 2 4 |  4.3

Action                   |  1- 3 |  4- 6 |  7- 9 | 10-12 || total
-------------------------+-------+-------+-------+-------++-------
Melee: Unarmed           |    42 |    40 |    35 |       ||   117
       Constrict         |    11 |    11 |    69 |    25 ||   116
       Tentacles         |     9 |    17 |    60 |    35 ||   121
       Punch             |     1 |     1 |    11 |     5 ||    18
       Falchion          |       |       |   233 |   127 ||   360
 Cast: Kindle Blastspark |       |       |     9 |       ||     9
Invok: Vitalisation      |       |       |       |     1 ||     1
Evoke: Wand              |     5 |     9 |    13 |    29 ||    56
  Use: Potion            |     1 |     1 |     1 |     1 ||     4
       Scroll            |       |       |     9 |     1 ||    10
 Stab: Sleeping          |     5 |     1 |    29 |     8 ||    43
       Distracted        |       |       |     2 |       ||     2
       Betrayed ally     |       |       |     1 |       ||     1
Armor: Skin              |     5 |     1 |    72 |    32 ||   110
Dodge: Dodged            |    33 |    27 |   226 |   125 ||   411

Table legend: (Time is in decaauts)
 A = Elapsed time spent in this place.
 B = Non-inter-level travel time spent in this place.
 C = Inter-level travel time spent in this place.
 D = Time resting spent in this place.
 E = Time spent auto-exploring this place.
 F = Levels seen in this place.
 G = Mean time per level.
                   A        B        C        D        E       F      G
               +--------+--------+--------+--------+--------+-----+--------+
         Total |   6506 |   6030 |    476 |    152 |   2957 |  13 |  500.5 |
       Dungeon |   5991 |   5521 |    470 |    152 |   2898 |  10 |  599.1 |
        Temple |     63 |     57 |      6 |      0 |      0 |   1 |   63.0 |
         Sewer |    135 |    135 |      0 |      0 |     20 |   1 |  135.0 |
        Bailey |    317 |    317 |      0 |      0 |     39 |   1 |  317.0 |
               +--------+--------+--------+--------+--------+-----+--------+

Top non-repeatable levels by time:
     D:7: 1580 daAuts
     D:9: 787 daAuts
     D:8: 675 daAuts
     D:6: 543 daAuts
     D:4: 513 daAuts
     D:2: 468 daAuts
     D:3: 457 daAuts
     D:1: 380 daAuts
     D:5: 326 daAuts
  Bailey: 317 daAuts
    D:10: 257 daAuts
   Sewer: 135 daAuts
  Temple: 63 daAuts
